 Dungeon Crawl Stone Soup version 0.31-a0-832-g3a2c1c66ba (webtiles) character file.

Game seed: 12351069239968271068

6 Bapho the Trooper (level 1, 19/19 HPs)
             Began as a Draconian Monk on Aug 16, 2023.
             Quit the game on level 1 of the Dungeon on Sept 25, 2023.
             The game lasted 00:01:05 (289 turns).

Bapho the Trooper (Draconian Monk)                   Turns: 289, Time: 00:01:06

Health: 19/19      AC:  4    Str: 13    XL:     1   Next: 75%
Magic:  1/1        EV: 12    Int: 10    God:
Gold:   24         SH:  0    Dex: 13    Spells: 0/0 levels left

rFire   . .          .
                       - Unarmed
rCold   . . .        b - orb {light}
rNeg    . . .        (body armour unavailable)
rPois   .            (helmet restricted)
rElec   .            (no cloak)
rCorr   .            (no gloves)
SInv    .            (no boots)
Will    .....        (no amulet)
Stlth   +            (no ring)
HPRegen 0.23/turn    (no ring)
MPRegen 0.07/turn

%: no passive effects
@: glowing
A: AC +4, unfitting armour, cold-blooded
a: no special abilities


You were on level 1 of the Dungeon.
You visited 1 branch of the dungeon, and saw 1 of its levels.

You collected 24 gold pieces.

Inventory:

Missiles
 f - a throwing net
Armour
 b - an orb of light (worn)
Jewellery
 c - a ring of fire
Scrolls
 e - a scroll of silence {unknown}
Potions
 a - a potion of ambrosia
 d - 2 potions of might {unknown}
 g - 2 potions of heal wounds {unknown}


   Skills:
 + Level 3.5 Fighting
 + Level 2.6 Dodging
 + Level 3.2 Unarmed Combat


You couldn't memorise any spells.
You didn't know any spells.
Your spell library was empty.

Dungeon Overview and Level Annotations

Branches:
Dungeon (1/15)

Altars:


Innate Abilities, Weirdness & Mutations

Your plain brown scales are hard. (AC +4)
You cannot fit into any form of body armour.
You are cold-blooded and may be slowed by cold attacks.


Message History

You don't know any spells.
You don't know any spells.
A kobold comes into view. It is wielding a +0 dagger.
The kobold shouts!
The kobold throws a stone.
The stone misses you.
Found 9 gold pieces.
A hobgoblin comes into view.
The hobgoblin shouts!
You hit the kobold.
You kill the kobold!
You hit the hobgoblin.
The hobgoblin is severely wounded.
The hobgoblin barely misses you.
You hit the hobgoblin but do no damage. You tail-slap the hobgoblin.
The hobgoblin is almost dead.
The hobgoblin barely misses you.
You hit the hobgoblin but do no damage.
The hobgoblin is almost dead.
The hobgoblin hits you but does no damage.
You hit the hobgoblin.
You kill the hobgoblin!
No target in view!
No target in view!
You now have 9 gold pieces.
You open the door.
There is an open door here.
An endoplasm comes into view.
The endoplasm quivers.
The endoplasm freezes you.
You are frozen.
You feel yourself slow down.
You hit the endoplasm.
You kill the endoplasm!
No target in view!
No target in view!
You feel yourself speed up.
HP restored.
You now have 24 gold pieces (gained 15).
f - a throwing net
g - 2 brown potions Are you sure you want to abandon this character and quit the game? (Confirm with "yes".)

#.# #.# #.# #.#
#.# #.# #.# #@#
#. #.# #.# #.#
#.# #.# #.# #.#
#.# #.# #.# #.#
#.############.#
#..............#


There were no monsters in sight!

Vanquished Creatures
  An endoplasm (D:1)
  2 hobgoblins (D:1)
  A kobold (D:1)
  A rat (D:1)
5 creatures vanquished.

Notes
Turn   | Place    | Note
-------+----------+-------------------------------------------
     0 | D:1      | Bapho the Draconian Monk began the quest for the Orb.
     0 | D:1      | Reached XP level 1. HP: 19/19 MP: 1/1
    66 | D:1      | Upgraded the game from 0.31-a0-549-gf98fd537a9 to
                  | 0.31-a0-832-g3a2c1c66ba
   289 | D:1      | Quit the game

Illustrated notes

Levels and vault maps discovered:
D:1:      sevenhm_arrival_forest_fort_small_6, layout_basic, minivault_23

Action                     || total
---------------------------++-------
  Melee: Unarmed           ||    14
         Tailslap          ||     3
 Armour: Skin              ||     2
  Dodge: Dodged            ||     7

Table legend: (Time is in decaauts)
 A = Elapsed time spent in this place.
 B = Non-inter-level travel time spent in this place.
 C = Inter-level travel time spent in this place.
 D = Time resting spent in this place.
 E = Time spent auto-exploring this place.
 F = Levels seen in this place.
 G = Mean time per level.
                   A        B        C        D        E       F      G
               +--------+--------+--------+--------+--------+-----+--------+
         Total |    289 |    289 |      0 |      0 |    255 |   1 |  289.0 |
       Dungeon |    289 |    289 |      0 |      0 |    255 |   1 |  289.0 |
               +--------+--------+--------+--------+--------+-----+--------+

Top non-repeatable levels by time:
     D:1: 289 daAuts
